 Dungeon Crawl Stone Soup version 0.26.0-18-gc5c842f807 (webtiles) character file.

Game seed: 4781301807244826261

193 kaeus the Firebug (level 5, -4/31 HPs)
             Began as an Octopode Fire Elementalist on Jan 22, 2021.
             Slain by an orc wizard
             ... wielding a +0 dagger
              (5 damage)
             ... on level 2 of the Dungeon.
             The game lasted 00:02:05 (4240 turns).

kaeus the Firebug (Octopode Fire Elementalist)      Turns: 4240, Time: 00:02:06

Health: -4/31      AC:  1    Str:  8    XL:     5   Next: 72%
Magic:  0/9        EV: 12    Int: 18    God:
Gold:   156        SH:  3    Dex: 12    Spells: 9/10 levels left

rFire    . . .     SeeInvis .   e - +0 short sword
rCold    . . .     Faith    .   d - +0 buckler
rNeg     . . .     Spirit   +   (helmet restricted)
rPois    .         Reflect  .   n - amulet of guardian spirit
rElec    .         Harm     .   (no ring)
rCorr    .         Rampage  .   (no ring)
Will     .....                  (no ring)
Stlth    +++.......             (no ring)
HPRegen  0.10/turn              (no ring)
MPRegen  0.11/turn              (no ring)
                                (no ring)
                                (no ring)

@: no status effects
A: almost no armour, stealthy swim, amphibious, 8 rings, constrict 8, camouflage
1, gelatinous body 1
a: no special abilities


You were on level 2 of the Dungeon.
You visited 1 branch of the dungeon, and saw 3 of its levels.

You collected 156 gold pieces.

Inventory:

Hand Weapons
 e - a +0 short sword (weapon)
Armour
 d - a +0 buckler (worn)
Jewellery
 n - an amulet of guardian spirit (around mantle)
Scrolls
 a - a scroll of enchant weapon {unknown}
 b - a scroll of amnesia {unknown}
 c - a scroll of teleportation {unknown}
 f - 3 scrolls of identify {unknown}
 l - a scroll of remove curse {unknown}
 p - a scroll of random uselessness {unknown}
Potions
 g - 3 potions of attraction {unknown}
 h - a potion of lignification {unknown}
 i - a potion of flight {unknown}
 j - a potion of heal wounds {unknown}
 k - a potion of brilliance {unknown}
 o - a potion of might {unknown}


   Skills:
 - Level 2.0 Dodging
 - Level 2.6 Stealth
 + Level 3.1 Spellcasting
 + Level 2.7 Conjurations
 * Level 4.8 Fire Magic


You had 9 spell levels left.
You knew the following spells:

 Your Spells              Type           Power        Failure   Level
a - Foxfire               Conj/Fire      64%          5%          1

Your spell library contained the following spells:

 Spells                   Type           Power        Failure   Level
 Conjure Flame            Conj/Fire      16%          17%         3
 Inner Flame              Hex/Fire       11%          30%         3
 Sticky Flame             Conj/Fire      16%          50%         4
 Fireball                 Conj/Fire      8%           83%         5


Dungeon Overview and Level Annotations

Branches:
Dungeon (3/15)

Altars:
Dithmenos


Innate Abilities, Weirdness & Mutations

You cannot wear most types of armour.
You are very stealthy in the water. (Stealth+)
You are amphibious.
You can wear up to eight rings at the same time.
You can use your tentacles to constrict eight enemies at once.
Your skin changes colour to match your surroundings (Stealth+).
Your rubbery body absorbs attacks. (AC +1, EV +1)


Message History

You barely miss something.
You hear some strange, mumbled words.
A puff of frost appears from out of thin air!
The puff of frost misses you.
There is a stone staircase leading up here.
Something hits you.
* * * LOW HITPOINT WARNING * * *
Something hits you.
* * * LOW HITPOINT WARNING * * *
You climb upwards.
Reactivating autopickup.
There is a stone staircase leading down here.
You take 6 damage, and have 1/31 hp.
You now have 1/9 mp.
You start resting.
Something hits you but does no damage.
Deactivating autopickup; reactivate with Ctrl-A.
Something hits you but does no damage.
You closely miss something. Something hits you.
* * * LOW HITPOINT WARNING * * *
Something hits you.
You die...

#........[...... ######
#.###......####.
###....####.###......# #.
#......#.............####.
#...........###...........
#........##...............
#........#......).........
#.................#.......
#........@>...............
#......................###
#........#................
##............###.........
#.....<....##............
#.............##.........
###.#.....(.....#..........
#...#...........#.##...##.#
#.###...........#.##.......


There were no monsters in sight!

Vanquished Creatures
  An orc priest (D:3)
  4 gnolls (D:2)
  4 adders (D:2)
  A shadow imp (D:3)
  2 oozes
  A worm (D:2)
  2 dart slugs (D:2)
  2 leopard geckos
  6 orcs (D:3)
  2 giant cockroaches
  5 goblins
  7 hobgoblins
  8 kobolds
  3 quokkas
  A ball python (D:2)
  6 bats
  4 frilled lizards
  5 rats
64 creatures vanquished.

Vanquished Creatures (others)
  255 foxfires
255 creatures vanquished.

Grand Total: 319 creatures vanquished

Notes
Turn   | Place    | Note
-------+----------+-------------------------------------------
     0 | D:1      | kaeus the Octopode Fire Elementalist began the quest for
                  | the Orb.
     0 | D:1      | Reached XP level 1. HP: 11/11 MP: 3/3
   550 | D:1      | Reached XP level 2. HP: 17/17 MP: 0/5
  1412 | D:1      | Reached XP level 3. HP: 20/21 MP: 1/6
  2348 | D:2      | Reached skill level 4 in Fire Magic
  2381 | D:2      | Reached XP level 4. HP: 27/27 MP: 2/7
  2998 | D:2      | Reached XP level 5. HP: 31/31 MP: 0/9
  3734 | D:3      | Found a shadowy altar of Dithmenos.
  4236 | D:3      | HP: 1/31 [something (1)]
  4240 | D:2      | Slain by an orc wizard

Illustrated notes

Levels and vault maps discovered:
D:1:      dpeg_arrival_tiny_a, layout_loops_corners
D:2:      layout_basic
D:3:      layout_loops_cross, old_standard_altar, serial_glass, glass_columns_c,
          glass_columns_b, minmay_ogre_servants

Skill      XL: |  1  2  3  4  5 |
---------------+----------------+-----
Fire Magic     | 4 |  4.8
Conjurations   | 2 |  2.7
Spellcasting   | 3 |  3.1
Dodging        | |  2.0
Stealth        | |  2.6

Action                   |  1- 3 |  4- 6 || total
-------------------------+-------+-------++-------
Melee: Unarmed           |    18 |       ||    18
       Constrict         |     8 |     4 ||    12
       Tentacles         |     5 |     4 ||     9
       Short sword       |     6 |    21 ||    27
 Cast: Foxfire           |    78 |    93 ||   171
  Use: Potion            |       |     2 ||     2
Armor: Skin              |     1 |     5 ||     6
Dodge: Dodged            |     7 |     6 ||    13
Block: Buckler           |       |     3 ||     3
